 Dungeon Crawl Stone Soup version 0.16-a0-3855-gd2600ac (console) character file.

1283 Monkaria the Cleaver (level 8, -4/66 HPs)
             Began as a Hill Orc Fighter on Jan 31, 2015.
             Killed by divine providence
             ... invoked by an orc priest
              (14 damage)
             ... on level 6 of the Dungeon.
             The game lasted 00:07:37 (6024 turns).

Monkaria the Cleaver (Hill Orc Fighter)             Turns: 6024, Time: 00:07:37

Health: -4/66      AC:  6    Str: 21    XL:     8   Next: 55%
Magic:  8/8        EV:  7    Int:  8    God:
Gold:   285        SH:  9    Dex: 10    Spells: 0 memorised, 7 levels left

rFire  . . .     SeeInvis +     a - +1 war axe
rCold  . . .     Clarity  .     b - +0 scale mail
rNeg   . . .     SustAb   .     c - +0 shield
rPois  .         Gourm    .     (no helmet)
rElec  .         Spirit   .     (no cloak)
rCorr  .         Warding  .     (no gloves)
rMut   +         Stasis   .     (no boots)
MR     .....                    j - amulet of resist mutation
Stlth  +.........               n - ring of see invisible
                                h - ring of stealth

@: not resistant to hostile enchantments, very unstealthy
A: no striking features
a: Convert to Beogh


You were on level 6 of the Dungeon.
You were near starving.

You visited 1 branch of the dungeon, and saw 6 of its levels.

You collected 285 gold pieces.

Inventory:

Hand weapons
 a - a +1 war axe (weapon)
 H - the +9 whip of Juycanac {speed, +Fly Int+3 Dex+3}
   (You found it on level 6 of the Dungeon)

   Attacks with this weapon are significantly faster.
   It affects your intelligence (+3).
   It affects your dexterity (+3).
   It lets you fly.
Missiles
 u - 35 poisoned needles
 y - 4 curare-tipped needles
 F - 7 needles of confusion
Armour
 b - a +0 scale mail (worn)
 c - a +0 shield (worn)
Jewellery
 h - a ring of stealth (left hand)
 j - an amulet of resist mutation (around neck)
 n - a ring of see invisible (right hand)
 t - an uncursed amulet of stasis
Magical devices
 v - a wand of draining (2)
 x - a wand of lightning (4)
Scrolls
 i - 3 scrolls of enchant weapon
 k - a scroll of noise
 l - a scroll of enchant armour
 r - 3 scrolls of remove curse
 s - a scroll of magic mapping {unknown}
 w - a scroll of teleportation {unknown}
 z - 2 scrolls of amnesia {unknown}
 C - a scroll of random uselessness {unknown}
 E - 2 scrolls of immolation {unknown}
 G - a scroll of identify
Potions
 e - 3 potions of might
 f - 2 potions of curing
 g - a potion of agility
 m - a potion of invisibility
 o - 2 potions of heal wounds
 q - a potion of poison
 A - 2 potions of degeneration
 D - a potion of resistance
Comestibles
 d - 2 meat rations
 p - a bread ration
 B - 3 beef jerkies


   Skills:
 - Level 4.0 Fighting
 * Level 12.8 Axes
 - Level 3.2 Armour
 - Level 3.2 Shields


You had 7 spell levels left.
You didn't know any spells.

Dungeon Overview and Level Annotations

Branches:
Dungeon (6/15)
 Temple: D:4-7

Altars:
Ashenzari
Elyvilon
Gozag
Qazlal


Message History

You closely miss the orc priest.
The orc priest shouts, "Surrender to Beogh and we'll let you live!"
The orc priest is lightly wounded.
The orc priest looks braver.
You closely miss the orc priest.
The orc priest shouts, "Surrender to Beogh and we'll let you live!"
The orc priest is lightly wounded.
You feel sick. You block the orc priest's attack.
You slash the orc priest!
The orc priest shouts, "Surrender to Beogh and we'll let you live!"
The orc priest is almost dead.
You feel sick.
The orc priest calls down the wrath of Beogh upon you.
Something smites you!
* * * LOW HITPOINT WARNING * * *
Drink which item? (? for menu, Esc to quit)
You feel better.
The orc priest invokes the aid of Beogh against you.
Something smites you!
You die...

..# # .## . . . ...
##### ... .... ..
#.#######o#
########.....)@oo#
.......))#########
########.#
####[############
#.......†.......#
###.###########.######
#. #......### #.
######...### ... ..
###...##


You could see an orc priest and 2 orcs.

Vanquished Creatures
  A black bear (D:6)
  2 orc warriors (D:6)
  A centaur (D:5)
  A giant frog (D:4)
  A water moccasin skeleton (D:6)
  A scorpion (D:4)
  A crimson imp (D:6)
  3 hounds
  An orc priest (D:6)
  2 gnoll shamans
  5 orc wizards
  4 worker ants
  2 iguanas (D:4)
  Ijyb (D:3)
  A hound zombie (D:5)
  A worker ant zombie (D:6)
  10 gnolls
  4 adders
  2 giant mites
  23 orcs
  A ball python (D:4)
  9 bats
  2 bat skeletons
  4 giant cockroaches
  12 goblins
  9 hobgoblins
  6 jackals
  14 kobolds
  A quokka (D:3)
  6 giant newts
  10 rats
141 creatures vanquished.

Vanquished Creatures (others)
  A hobgoblin (D:1)
1 creature vanquished.

Grand Total: 142 creatures vanquished

Notes
Turn   | Place    | Note
--------------------------------------------------------------
     0 | D:1      | Monkaria, the Hill Orc Fighter, began the quest for the Orb.
     0 | D:1      | Reached XP level 1. HP: 19/19 MP: 1/1
   123 | D:1      | Reached XP level 2. HP: 27/27 MP: 2/2
   316 | D:1      | Reached skill level 4 in Fighting
   324 | D:1      | Found a shattered altar of Ashenzari.
   330 | D:1      | Reached XP level 3. HP: 29/33 MP: 3/3
   809 | D:2      | Reached skill level 5 in Axes
   879 | D:2      | Reached XP level 4. HP: 15/40 MP: 4/4
  1687 | D:3      | Noticed Ijyb
  1702 | D:3      | Killed Ijyb
  1702 | D:3      | Reached skill level 6 in Axes
  1901 | D:3      | Reached XP level 5. HP: 42/46 MP: 5/5
  2722 | D:3      | Reached skill level 7 in Axes
  2959 | D:4      | Reached skill level 8 in Axes
  2959 | D:4      | Reached XP level 6. HP: 12/52 MP: 6/6
  3594 | D:4      | Reached skill level 9 in Axes
  3722 | D:4      | Reached XP level 7. HP: 48/59 MP: 7/7
  3896 | D:5      | Entered Level 5 of the Dungeon
  3934 | D:5      | Noticed an air elemental
  3935 | D:5      | Found a stormy altar of Qazlal.
  3937 | D:5      | Noticed a water elemental
  3937 | D:5      | Noticed a fire elemental
  4592 | D:5      | Reached skill level 10 in Axes
  5401 | D:6      | Reached skill level 11 in Axes
  5445 | D:6      | Found a shattered altar of Ashenzari.
  5452 | D:6      | Found a white marble altar of Elyvilon.
  5481 | D:6      | Reached XP level 8. HP: 55/66 MP: 8/8
  5749 | D:6      | Reached skill level 12 in Axes
  5895 | D:6      | Found an opulent altar of Gozag.
  5918 | D:6      | Got a crude whip
  5919 | D:6      | Identified the +9 whip of Juycanac {speed, +Fly Int+3 Dex+3} (You found it on level 6 of the Dungeon)
  6023 | D:6      | HP: 2/66 [orc priest/divine providence (14)]
  6024 | D:6      | Killed from afar by an orc priest

Action                   |  1- 3 |  4- 6 |  7- 9 || total
-------------------------+-------+-------+-------++-------
Melee: War axe           |   134 |   197 |   175 ||   506
  Use: Potion            |       |     3 |     1 ||     4
       Scroll            |       |       |    10 ||    10
  Eat: Chunk             |       |     8 |     6 ||    14
       Pizza             |       |     1 |       ||     1
